 Dungeon Crawl Stone Soup version 0.31.0-11-ge490571c62 (webtiles) character file.

Game seed: 13447117429322752578

71 browni3141 the Trooper (level 4, -3/40 HPs)
             Began as a Minotaur Fighter on Jan 29, 2024.
             Incinerated by a bombardier beetle (4 damage)
             ... with a burning spray
             ... on level 3 of the Dungeon.
             The game lasted 00:00:47 (1764 turns).

browni3141 the Trooper (Minotaur Fighter)           Turns: 1764, Time: 00:00:48

Health: -3/40      AC:  8    Str: 22    XL:     4   Next: 5%
Magic:  3/3        EV:  9    Int:  5    God:
Gold:   79         SH:  4    Dex: 10    Spells: 3/3 levels left

rFire   . . .        a - +0 war axe
rCold   + . .        c - +0 buckler
rNeg    . . .        t - +1 scale mail {rC+}
rPois   +            (helmet restricted)
rElec   .            (no cloak)
rCorr   .            (no gloves)
SInv    .            (no boots)
Will    .....        (no amulet) Stlth
                     e - ring of poison resistance
HPRegen 0.26/turn    (no ring)
MPRegen 0.08/turn

%: no passive effects
@: mighty, on fire, glowing
A: horns 2, retaliatory headbutt
a: no special abilities


You were on level 3 of the Dungeon.
You visited 1 branch of the dungeon, and saw 3 of its levels.

You collected 79 gold pieces.

Inventory:

Hand Weapons
 a - a +0 war axe (weapon)
Armour
 b - a +0 scale mail
 c - a +0 buckler (worn)
 k - a +0 chain mail
 t - a +1 scale mail of cold resistance (worn)
Jewellery
 e - a ring of poison resistance (left hand)
 o - a ring of wizardry
 v - a ring of wizardry
Scrolls
 g - a scroll of fear {unknown}
 j - a scroll of identify {unknown}
 l - a scroll of teleportation {unknown}
 n - a scroll of blinking {unknown}
 p - a scroll of enchant weapon {unknown}
 r - a scroll of revelation {unknown}
 u - a scroll of immolation {unknown}
Potions
 d - a potion of might
 f - a potion of magic {unknown}
 h - 3 potions of curing {unknown}
 i - a potion of heal wounds {unknown}
 m - a potion of ambrosia {unknown}
 q - a potion of resistance {unknown}
 s - a potion of invisibility {unknown}


   Skills:
 + Level 4.2 Fighting
 * Level 3.8 Axes
 + Level 4.1 Armour
 + Level 4.2 Shields


You had 3 spell levels left.
You didn't know any spells.
Your spell library contained the following spells:

 Spells                   Type           Power      Damage    Failure   Level
 Freeze                   Ice            0%         1d3       86%         1
 Frozen Ramparts          Ice            0%         1d1       99%         3
 Hailstorm                Conj/Ice       0%         3d5       99%         3


Dungeon Overview and Level Annotations

Branches:
Dungeon (3/15)

Altars:
Fedhas

Annotations:
D:3 Grinder


Innate Abilities, Weirdness & Mutations

You have a pair of horns on your head.
You reflexively headbutt those who attack you in melee.


Message History

A hobgoblin is nearby!
The hobgoblin hits you.
A hobgoblin is nearby!
You barely miss the hobgoblin.
The hobgoblin hits you but does no damage.
You slash the hobgoblin!
You kill the hobgoblin!
You have reached level 4!
You feel agile.
No target in view!
HP restored.
You see here a hobgoblin corpse.
h - 2 dark potions (gained 1)
You now have 51 gold pieces (gained 5).
Found a stone staircase leading up.
You now have 65 gold pieces (gained 14).
Key pressed, stopping explore.
No target in view!
Key pressed, stopping explore.
No target in view!
Key pressed, stopping explore.
No target in view!
No target in view!
Found a stone staircase leading up.
No target in view!
You now have 79 gold pieces (gained 14).
Found an escape hatch in the ceiling.
h - 3 dark potions (gained 1) Key pressed, stopping explore.
No target in view!
No target in view!
Found a stone staircase leading down.
No target in view!
A ball python comes into view.
The ball python hisses angrily.
You block the ball python's attack. The ball python closely misses you.
A ball python is nearby!
You completely miss the ball python. The ball python completely misses you.
The ball python grabs you. The ball python constricts you.
A ball python is nearby!
You hit the ball python.
You kill the ball python!
Found a blossoming altar of Fedhas.
Found an escape hatch in the floor.
No target in view!
An endoplasm comes into view.
An endoplasm is nearby!
You enter the shallow water.
Moving in this stuff is going to be slow.
An endoplasm is nearby!
You hit the endoplasm.
The endoplasm is heavily wounded.
The endoplasm hits you.
An endoplasm is nearby!
You hit the endoplasm.
You kill the endoplasm!
There is an escape hatch in the floor here.
There is a blossoming altar of Fedhas here.
v - a ring of wizardry No target in view!
There is a blossoming altar of Fedhas here.
There is an escape hatch in the floor here.
You enter the shallow water.
Moving in this stuff is going to be slow.
Grinder comes into view.
Grinder shouts!
You hear a loud squeak.
Grinder blinks!
Grinder gestures at you. Pain shoots through your body!
Grinder is nearby!
Grinder gestures at you.
You suddenly lose the ability to move!
Grinder blinks! x2
You can move again.
Unknown command.
Unknown command.
You feel very mighty all of a sudden.
No target in view!
No target in view!
Grinder gestures at you. You resist with significant effort.
You closely miss Grinder. Grinder hits you.
You writhe in agony.
Grinder hits you.
You writhe in agony.
A bombardier beetle comes into view.
You barely miss Grinder. Your headbutt misses Grinder. Grinder hits you.
You writhe in agony.
You are too injured to fight recklessly!
You barely miss Grinder. Grinder hits you but does no damage.
You are too injured to fight recklessly!
You closely miss Grinder.
Grinder blinks!
The bombardier beetle sprays incendiary fluid at you.
The burning spray hits you.
You are covered in liquid fire!
Grinder says, "There's only one good use for a tongue: cutting it out."
You shake off some of the fire as you move.
The liquid fire burns you! Grinder gestures at you.
You resist with significant effort.
You shake off some of the fire as you move.
The liquid fire burns you!
You die...

##.####
#.# #.#
#.# #.#
#5##
#..#
##.#
#@#
#ยง#
#.# #B#
#$# ..#
###


You could see Grinder and a bombardier beetle.

Vanquished Creatures
  Terence (D:2)
  A dart slug (D:1)
  A ribbon worm (D:2)
  5 ball pythons
  2 endoplasms
  2 giant cockroaches
  7 goblins
  4 hobgoblins
  A quokka (D:2)
  6 bats
  5 frilled lizards
  A kobold (D:1)
  2 rats
38 creatures vanquished.

Notes
Turn   | Place    | Note
-------+----------+-------------------------------------------
     0 | D:1      | browni3141 the Minotaur Fighter began the quest for the
                  | Orb.
     0 | D:1      | Reached XP level 1. HP: 19/19 MP: 0/0
   236 | D:1      | Reached XP level 2. HP: 27/27 MP: 1/1
   915 | D:2      | Reached XP level 3. HP: 33/33 MP: 2/2
  1065 | D:2      | Noticed Terence
  1078 | D:2      | Killed Terence
  1551 | D:3      | Reached XP level 4. HP: 37/40 MP: 3/3
  1684 | D:3      | Found a blossoming altar of Fedhas.
  1748 | D:3      | Noticed Grinder
  1750 | D:3      | Paralysed by Grinder for 4 turns
  1763 | D:3      | HP: 1/40 [burnt (4)]
  1764 | D:3      | Incinerated by a bombardier beetle

Illustrated notes

Levels and vault maps discovered:
D:1:      ebering_trefoil_twist, layout_loops_ring
D:2:      layout_loops_ring, uniq_terence
D:3:      minmay_diamond_boxcup, layout_basic, fedhas_ov_isle_minmay,
          uniq_robin, uniq_grinder

Skill      XL: |  1  2  3 |
---------------+----------+-----
Axes           | 3 |  3.8
Fighting       | 4 |  4.2
Shields        | 4 |  4.2
Armour         | 4 |  4.1

Action                     |  1- 3 |  4- 6 || total
---------------------------+-------+-------++-------
  Melee: War axe           |    67 |     8 ||    75
         Headbutt          |     8 |       ||     8
    Use: Potion            |       |     1 ||     1
 Armour: Scale mail        |    18 |     5 ||    23
         Chain mail        |    31 |       ||    31
  Dodge: Dodged            |    36 |     2 ||    38
  Block: Buckler           |    11 |     1 ||    12
